 Dungeon Crawl Stone Soup version 0.23.2-1-ga50397a (webtiles) character file.

Game seed: 2475874295962112681

123 xveg the Vandal (level 4, -2/38 HPs)
             Began as a Minotaur Hunter on May 8, 2019.
             Slain by a worm (7 damage)
             ... on level 2 of the Dungeon.
             The game lasted 00:01:39 (1441 turns).

xveg the Vandal (Minotaur Hunter)                   Turns: 1441, Time: 00:01:40

Health: -2/38      AC:  3    Str: 16    XL:     4   Next: 79%
Magic:  3/3        EV: 12    Int:  8    God:
Gold:   117        SH:  0    Dex: 12    Spells: 3/3 levels left

rFire    . . .     SeeInvis .   a - +2 hunting sling
rCold    . . .     Gourm    .   (no shield)
rNeg     . . .     Faith    .   c - +0 leather armour
rPois    .         Spirit   .   (helmet restricted)
rElec    .         Reflect  .   (no cloak)
rCorr    .         Harm     .   (no gloves)
MR       .....                  (no boots)
Stlth    +.........             (no amulet)
HPRegen  0.12/turn              (no ring)
MPRegen  0.08/turn              (no ring)

@: no status effects
A: retaliatory headbutt, horns 2
a: no special abilities


You were on level 2 of the Dungeon.
You were not hungry.

You visited 1 branch of the dungeon, and saw 2 of its levels.

You collected 117 gold pieces.

Inventory:

Hand Weapons
 a - a +2 hunting sling (weapon)
 b - a +0 short sword
 n - a +0 short sword of electrocution
Missiles
 d - 6 sling bullets (quivered)
 e - 51 stones
Armour
 c - a +0 leather armour (worn)
Jewellery
 j - a +5 amulet of reflection {unknown}
Scrolls
 g - a scroll of remove curse
 m - 3 scrolls of enchant weapon
 o - a scroll of identify {unknown}
Potions
 h - a potion of might {unknown}
 i - a potion of haste {unknown}
 k - a potion of curing {unknown}
 l - a potion of mutation {unknown}
Comestibles
 f - 3 rations
 p - 2 chunks of flesh


   Skills:
 + Level 3.4 Fighting
 + Level 6.1 Slings
 + Level 1.1 Armour
 + Level 2.4 Dodging
 + Level 0.8 Stealth


You had 3 spell levels left.
You didn't know any spells.
Your spell library was empty.

Dungeon Overview and Level Annotations

Branches:
Dungeon (2/15)

Altars:
Ru


Innate Abilities, Weirdness & Mutations

You reflexively headbutt those who attack you in melee.
You have a pair of horns on your head.


Message History

Firing (i - inventory. (/) - cycle)
d - 9 sling bullets (quivered)
Press: ? - help, Shift-Dir - straight line, f - worm
Aim: a worm You shoot a sling bullet.
The sling bullet hits the worm.
The worm is moderately wounded.
The worm bites you.
* * * LOW HITPOINT WARNING * * *
Firing (i - inventory. (/) - cycle)
d - 8 sling bullets (quivered)
Press: ? - help, Shift-Dir - straight line, f/p - worm
Aim: a worm (moderately wounded)
You shoot a sling bullet. The sling bullet hits the worm.
The worm is moderately wounded.
Unknown command.
Firing (i - inventory. (/) - cycle)
d - 7 sling bullets (quivered)
Press: ? - help, Shift-Dir - straight line, f/p - worm
Aim: a worm (moderately wounded)
You shoot a sling bullet.
The sling bullet completely misses the worm.
The worm bites you!
You die...

#.. ... .. .( (### (.###
...####w..# #.....@#.# .##
######...# ..## ###..####
##..#######.......#
#.................# #
#.................# ###
#.................#
..###.........[.......#
#.##...........####รท#####


You could see a worm.

Vanquished Creatures
  Jessica (D:2)
  3 adders (D:2)
  An adder zombie (D:1)
  2 worms (D:2)
  4 leopard geckos
  9 giant cockroaches
  3 goblins
  2 hobgoblins
  11 jackals (D:2)
  4 kobolds (D:1)
  2 quokkas (D:2)
  A ball python zombie (D:1)
  A bat (D:1)
  3 frilled lizards
  7 rats
54 creatures vanquished.

Notes
Turn   | Place    | Note
-------+----------+-------------------------------------------
     0 | D:1      | xveg the Minotaur Hunter began the quest for the Orb.
     0 | D:1      | Reached XP level 1. HP: 18/18 MP: 0/0
   190 | D:1      | Reached XP level 2. HP: 25/25 MP: 1/1
   306 | D:1      | Reached skill level 5 in Slings
   530 | D:1      | Reached XP level 3. HP: 28/30 MP: 2/2
   989 | D:2      | Noticed Jessica
   991 | D:2      | Killed Jessica
   991 | D:2      | Reached skill level 1 in Armour
   991 | D:2      | Reached XP level 4. HP: 37/37 MP: 3/3
  1141 | D:2      | Found a sacrificial altar of Ru.
  1412 | D:2      | Reached skill level 6 in Slings
  1441 | D:2      | Slain by a worm

Skill      XL: |  1  2  3  4 |
---------------+-------------+-----
Slings         | 5 6 |  6.1
Armour         | 1 |  1.1
Fighting       | 3 |  3.4
Dodging        | |  2.4
Stealth        | |  0.8

Action                   |  1- 3 |  4- 6 || total
-------------------------+-------+-------++-------
 Fire: Hunting sling     |    96 |    79 ||   175
  Use: Scroll            |     4 |       ||     4
  Eat: Chunk             |       |     1 ||     1
Armor: Leather armour    |    11 |     4 ||    15
Dodge: Dodged            |    33 |    12 ||    45
